 Dungeon Crawl Stone Soup version 0.31-a0-844-gdc52ec4e09 (webtiles) character file.

Game seed: 4969870820249494692

3816 Bravepunisher the Nimble (level 9, -17/47 HPs)
             Began as a Spriggan Monk on Sept 28, 2023.
             Was a High Priest of Makhleb.
             Demolished by Gastronok (38 damage)
             ... on level 9 of the Dungeon.
             The game lasted 00:32:08 (7628 turns).

Bravepunisher the Nimble (Spriggan Monk)            Turns: 7628, Time: 00:32:08

Health: -17/47     AC:  4    Str: 13    XL:     9   Next: 97%
Magic:  17/17      EV: 27    Int: 11    God:    Makhleb [*****.]
Gold:   483        SH:  5    Dex: 22    Spells: 8/8 levels left

rFire   + . .        B - +5 demon blade (venom)
rCold   . . .        (no shield)
rNeg    . . .        b - +1 robe
rPois   .            (helmet restricted)
rElec   .            x - +0 cloak
rCorr   .            (gloves unavailable)
SInv    +            (boots unavailable)
Will    +....        e - amulet of reflection
Stlth   ++           g - ring of protection from fire
HPRegen 0.27/turn    l - +6 ring of strength
MPRegen 0.15/turn

%: reflection
@: very quick
A: very small, no large weapons, unfitting armour, see invisible, speed 3
a: Renounce Religion, Minor Destruction, Lesser Servant of Makhleb, Major
Destruction, Greater Servant of Makhleb


You were on level 9 of the Dungeon.
You worshipped Makhleb.
Makhleb was extremely pleased with you.
You visited 2 branches of the dungeon, and saw 10 of its levels.

You collected 603 gold pieces.
You spent 120 gold pieces at shops.

Inventory:

Hand Weapons
 z - the +3 mace of Resourcefulness {freeze, rPois Will+ Str+5 Int-5}
   (You found it on level 6 of the Dungeon)

   Str+5:     It affects your strength (+5).
   Int-5:     It affects your intelligence (-5).
   rPois:     It protects you from poison Will+: It increases your willpower.
 B - a +5 demon blade of venom (weapon)
Missiles
 f - 2 throwing nets
Armour
 b - a +1 robe (worn)
 x - a +0 cloak (worn)
Jewellery
 e - an amulet of reflection (around neck)
 g - a ring of protection from fire (left hand)
 l - a +6 ring of strength (right hand)
 o - a ring of resist corrosion
Wands
 u - a wand of digging (4)
 v - a wand of charming (29)
Scrolls
 c - a scroll of enchant armour
 d - a scroll of amnesia
 h - 2 scrolls of noise
 i - 2 scrolls of immolation
 n - 3 scrolls of teleportation
 s - a scroll of torment
 t - 5 scrolls of identify
 y - a scroll of enchant weapon {unknown}
 D - a scroll of fog
 E - a scroll of blinking {unknown}
 F - a scroll of vulnerability
 G - a scroll of poison {unknown}
Potions
 a - a potion of might
 j - 4 potions of curing
 k - a potion of attraction
 m - 2 potions of haste
 q - 3 potions of degeneration {unknown}
 r - a potion of mutation {unknown}
 w - a potion of enlightenment {unknown}
 A - a potion of lignification
 C - a potion of invisibility {unknown}


   Skills:
 - Level 5.0 Fighting
 - Level 3.2(3.5) Short Blades
 + Level 1.3(2.1) Long Blades
 - Level 1.2 Maces & Flails
 + Level 10.8 Dodging
 * Level 10.4 Invocations


You had 8 spell levels left.
You didn't know any spells.
Your spell library contained the following spells:

 Spells                   Type           Power      Damage    Failure   Level
 Cigotuvi's Dreadful Rot  Necr/Pois/Air  0%         N/A       47%         2
 Ensorcelled Hibernation  Hex/Ice        0%         N/A       47%         2
 Jinxbite                 Hex            0%         N/A       47%         2
 Sublimation of Blood     Necr           0%         N/A       47%         2
 Wereblood                Tmut           0%         N/A       47%         2
 Ignite Poison            Fire/Tmut/Pois 0%         N/A       71%         3
 Anguish                  Hex/Necr       0%         N/A       98%         4
 Sticky Flame             Conj/Fire      0%         2d3       98%         4
 Freezing Cloud           Conj/Ice/Air   0%         6-21      100%        5
 Summon Hydra             Summ           0%         N/A       100%        7
 Ignition                 Fire           0%         3d3       100%        8


Dungeon Overview and Level Annotations

Branches:
Dungeon (9/15)             Temple (1/1) D:5            Lair (0/5) D:8
    Orc: D:9-12

Altars:
Cheibriados
Dithmenos
Elyvilon
Fedhas
Gozag
Hepliaklqana
Kikubaaqudgha
Makhleb
Okawaru
Qazlal
Ru
Sif Muna
Uskayaw
Vehumet
Xom
Yredelemnul
Zin
The Shining One

Shops:
D:5 *   D:6 !   D:7 [

Annotations:
D:3 2 transporters, justen's ghost, amateur DrSh
D:4 2 transporters, GreenGuy14's ghost, amateur MiFi
D:8 Amaemon; Joseph; Maurice
D:9 Gastronok


Innate Abilities, Weirdness & Mutations

You are very small and have problems with some larger weapons.
You are too small for most types of armour.
You have supernaturally acute eyesight. (SInv)
You cover ground extremely quickly. (Speed+++)


Message History

Gastronok mumbles some strange words.
Gastronok puts on a burst of speed!
A killer bee comes into view.
Your ufetubus hits Gastronok.
Your ufetubus hits Gastronok but does no damage.
Your ufetubus hits Gastronok. x3
Your ufetubus hits Gastronok but does no damage.
Your ufetubus hits Gastronok. x2
Your ufetubus hits Gastronok but does no damage.
Your ufetubus hits Gastronok.
Your ufetubus hits Gastronok but does no damage.
Your ufetubus hits Gastronok.
Your ynoxinul hits Gastronok but does no damage.
Your ufetubus hits Gastronok. x4
Your ufetubus hits Gastronok but does no damage.
Your ufetubus hits Gastronok.
Your ufetubus hits Gastronok but does no damage.
Your ufetubus hits Gastronok.
Things that are here:
a +0 dagger; a +0 robe; an orc corpse The killer bee buzzes angrily.
You hear an angry buzzing noise. x3
Your ufetubus hits Gastronok but does no damage.
Your ufetubus hits Gastronok. x3
Your ynoxinul gestures.
Gastronok bites your ufetubus!!!
Your ufetubus dies!
Your ufetubus disappears in a puff of smoke!
Your ufetubus hits Gastronok. x4
Your ufetubus hits Gastronok but does no damage.
Your ufetubus hits Gastronok.
Your ufetubus hits Gastronok but does no damage.
Your ufetubus hits Gastronok. x3; Your ynoxinul hits Gastronok!
Unknown command.
Your ynoxinul disappears in a puff of smoke!
Your ufetubus disappears in a puff of smoke! x7
Unknown command.
Gastronok bites you!!!
Ouch! That really hurt!
You die...
Gastronok gurgles, "Time to dig in!"

#.. #.#.# ###.>#.. .##
....#.. ..# #..##.#.#
#.# .......# #.#
####.##...# #.##
#...)##..§#####..#
#.#......§w..§)#.#
######...#....§§@§y.#.#
.....#o.##..........#.#
....§#o§####.########.#
...)..o## #.# #.#
....§).# #o## #.#
......5# #o.## #.#
....<#.# ##..# #.#
.....#.#######5#
....)..5553.##.#


You could see Gastronok (swift) and a killer bee.

Vanquished Creatures
  Erica (D:8)
  Sigmund (D:2)
  Edmund (D:5)
  Menkaure (D:4)
  2 water moccasins (D:8)
  2 orc warriors
  2 black bears
  Blork the orc (D:5)
  A kobold brigand (D:7)
  3 bullfrogs
  3 gnoll sergeants (D:7)
  4 scorpions
  4 wights (D:7)
  A killer bee (D:7)
  A jelly (D:7)
  Crazy Yiuf (D:5)
  5 hounds
  4 orc priests
  An iguana (D:5)
  Ijyb (D:3)
  10 orc wizards
  7 gnolls
  11 adders
  2 white imps (D:7)
  14 dart slugs
  29 orcs
  7 bats
  6 endoplasms
  6 giant cockroaches
  8 goblins
  8 hobgoblins
  5 jackals
  13 kobolds
  7 quokkas
  9 ball pythons
  A frilled lizard (D:1)
  8 rats
191 creatures vanquished.

Vanquished Creatures (collateral kills)
  A wight (D:7)
  4 killer bees (D:7)
  An orc priest (D:9)
  An iguana (D:7)
  2 orcs
  A kobold (D:7)
10 creatures vanquished.

Vanquished Creatures (others)
  A gnoll sergeant (D:7)
1 creature vanquished.

Grand Total: 202 creatures vanquished

Notes
Turn   | Place    | Note
-------+----------+-------------------------------------------
     0 | D:1      | Bravepunisher the Spriggan Monk began the quest for the
                  | Orb.
     0 | D:1      | Reached XP level 1. HP: 11/11 MP: 2/2
    96 | D:3      | Noticed Ijyb
   161 | D:4      | Reached XP level 2. HP: 10/16 MP: 3/3
   199 | D:4      | Found a shadowy altar of Dithmenos.
   209 | D:5      | Entered Level 5 of the Dungeon
   221 | D:4      | Found a burning altar of Makhleb.
   283 | D:4      | Found a transporter.
   331 | D:4      | Found a transporter.
   335 | D:4      | Noticed GreenGuy14's ghost (amateur MiFi)
   353 | D:4      | Reached XP level 3. HP: 12/20 MP: 4/4
   488 | D:4      | Became a worshipper of Makhleb the Destroyer
   488 | D:4      | Reached * piety under Makhleb
   488 | D:4      | Reached ** piety under Makhleb
   598 | D:3      | Reached skill level 1 in Invocations
   612 | D:3      | Reached skill level 5 in Dodging
   612 | D:3      | Reached XP level 4. HP: 9/24 MP: 4/6
  1726 | D:2      | Noticed Sigmund
  1736 | D:2      | Killed Sigmund
  1737 | D:2      | Reached XP level 5. HP: 24/28 MP: 6/9
  1737 | D:2      | Reached XP level 6. HP: 28/32 MP: 6/10
  2204 | D:3      | Found a transporter.
  2222 | D:3      | Reached *** piety under Makhleb
  2265 | D:3      | Killed Ijyb
  2274 | D:3      | Found a glowing golden altar of the Shining One.
  2282 | D:3      | Noticed justen's ghost (amateur DrSh)
  2407 | D:3      | Found a transporter.
  2758 | D:4      | Reached skill level 5 in Invocations
  2770 | D:4      | Found a glowing silver altar of Zin.
  2771 | D:4      | Noticed Menkaure
  2786 | D:4      | Killed Menkaure
  2787 | D:4      | Reached XP level 7. HP: 35/36 MP: 10/12
  3446 | D:5      | Found a staircase to the Ecumenical Temple.
  3460 | Temple   | Entered the Ecumenical Temple
  3511 | D:5      | Reached **** piety under Makhleb
  3633 | D:5      | Noticed Edmund
  3676 | D:5      | Killed Edmund
  3955 | D:5      | Reached XP level 8. HP: 40/40 MP: 14/14
  4247 | D:5      | Found Vedabuo's General Store.
  4256 | D:5      | Bought a potion of curing for 39 gold pieces
  4256 | D:5      | Bought a potion of curing for 39 gold pieces
  4621 | D:5      | Noticed Blork the orc
  4626 | D:5      | Killed Blork the orc
  4821 | D:5      | Found a runed translucent door.
  4822 | D:5      | Noticed Crazy Yiuf
  4840 | D:5      | Killed Crazy Yiuf
  4937 | D:6      | Found the +5 woodcutter's axe
  5033 | D:6      | Found a radiant altar of Vehumet.
  5196 | D:6      | Found a stormy altar of Qazlal.
  5267 | D:6      | Found Vetuh's Distillery.
  5277 | D:6      | Bought a potion of curing for 42 gold pieces
  5406 | D:6      | Identified the +3 mace of Resourcefulness {freeze, rPois
                  | Will+ Str+5 Int-5}
  5718 | D:7      | Reached XP level 9. HP: 28/45 MP: 16/16
  5967 | D:7      | Reached ***** piety under Makhleb
  6005 | D:7      | Reached skill level 10 in Dodging
  6316 | D:7      | Found Laro's Armour Emporium.
  6634 | D:8      | Found a staircase to the Lair.
  6745 | D:8      | Noticed Erica
  6752 | D:8      | Killed Erica
  6753 | D:8      | Reached skill level 1 in Maces & Flails
  6753 | D:8      | Reached skill level 10 in Invocations
  6848 | D:8      | Found a white marble altar of Elyvilon.
  6861 | D:8      | Reached skill level 5 in Fighting
  7018 | D:8      | Found a blossoming altar of Fedhas.
  7031 | D:8      | Noticed Maurice
  7039 | D:8      | Noticed Joseph
  7046 | D:8      | Noticed Amaemon
  7135 | D:8      | Found an iron altar of Okawaru.
  7538 | D:9      | Reached skill level 1 in Long Blades
  7545 | D:9      | Noticed Gastronok
  7628 | D:9      | Demolished by Gastronok

Illustrated notes

Levels and vault maps discovered:
D:1:      roderic_octagonal_star, layout_loops_cross, dk_noncrumbling_2,
          amcnicky_mini_rare_corridor_liquid, columned_hall_lemuel,
          minmay_misc_feat_roman, minmay_misc_feat_more_columns
D:2:      layout_rooms, hangedman_abyss_or_decor_lesser_grid, uniq_sigmund
D:3:      layout_basic, mainiacjoe_overflow_small_starburst,
          portal_sewer_entry_f, gammafunk_ghost_arena, minivault_14,
          serial_bayou_lagoon_a, uniq_ijyb
D:4:      layout_basic, nicolae_overflow_hidden_temple,
          nicolae_dithmenos_through_a_glass_darkly, amcnicky_altar_gilded,
          gammafunk_ghost_mausoleum, uniq_menkaure
D:5:      kennysheep_slugbush, layout_basic, minmay_temple_entry_wispy,
          nicolae_ossuary_entry_plus, serial_shops, nicolae_shop_trees,
          uniq_crazy_yiuf_cottage, uniq_edmund, uniq_blork_the_orc
D:6:      layout_gridville, nicolae_qazlal_general_emergency,
          mainiacjoe_overflow_alcove_2, serial_shops, shop
D:7:      layout_loops_ring, serial_shops, shop, kennysheep_decorative_pillar,
          sword_in_stone
D:8:      layout_cave_pods, mainiacjoe_overflow_paths,
          okawaru_altar_gauntlet_db, lemuel_tele_altar, uniq_erica, uniq_joseph,
          uniq_maurice, uniq_amaemon
D:9:      layout_rooms, ashenzari_altar_1, overflow_temple_1_default,
          hiddenorc2_lemuel, nicolae_figureground_pulse, uniq_gastronok
Temple:   hellmonk_temple_forest_ring

Skill      XL: |  1  2  3  4  5  6  7  8  9 |
---------------+----------------------------+-----
Fighting       | 3 4 5 |  5.0
Invocations    | 1 4 5 7 8 10 | 10.4
Dodging        | 5 6 7 8 9 10 | 10.8
Maces & Flails | 1 |  1.2
Long Blades    | 1 |  1.3
Short Blades   | |  3.2

Action                     |  1- 3 |  4- 6 |  7- 9 || total
---------------------------+-------+-------+-------++-------
  Melee: Short sword       |    76 |    17 |       ||    93
         Punch             |     2 |       |     1 ||     3
         Dagger            |       |       |    55 ||    55
         Mace              |       |       |    28 ||    28
         Demon blade       |       |       |    32 ||    32
 Invoke: Minor Destruction |     9 |   131 |   262 ||   402
         Lesser Servant of |       |       |     5 ||     5
  Evoke: Wand              |       |       |    10 ||    10
    Use: Scroll            |     2 |       |    13 ||    15
         Potion            |     1 |     1 |     3 ||     5
 Armour: Robe              |    34 |    10 |    43 ||    87
         Skin              |    15 |     7 |       ||    22
  Dodge: Dodged            |    72 |    36 |   104 ||   212
  Block: Other             |       |     5 |    26 ||    31
         Reflection        |       |       |     2 ||     2

Table legend: (Time is in decaauts)
 A = Elapsed time spent in this place.
 B = Non-inter-level travel time spent in this place.
 C = Inter-level travel time spent in this place.
 D = Time resting spent in this place.
 E = Time spent auto-exploring this place.
 F = Levels seen in this place.
 G = Mean time per level.
                   A        B        C        D        E       F      G
               +--------+--------+--------+--------+--------+-----+--------+
         Total |   5380 |   5154 |    226 |    159 |   3540 |  10 |  538.0 |
       Dungeon |   5376 |   5150 |    226 |    159 |   3540 |   9 |  597.3 |
        Temple |      4 |      4 |      0 |      0 |      0 |   1 |    4.0 |
               +--------+--------+--------+--------+--------+-----+--------+

Top non-repeatable levels by time:
     D:5: 1054 daAuts
     D:7: 823 daAuts
     D:4: 752 daAuts
     D:1: 641 daAuts
     D:8: 619 daAuts
     D:3: 564 daAuts
     D:6: 464 daAuts
     D:2: 380 daAuts
     D:9: 75 daAuts
  Temple: 4 daAuts
